AoeStats
← Big Tiozao

Arena

510149050Analyzed
4v4 RM · 21h ago on Sep 29, 2026· 45m 34s· 8 players
Game mode
Random Map
Map size
Large (8 player)
Population
200
Speed
Normal
Resources
Standard
Victory
Conquest
Starting age
Dark Age
Ending age
Imperial Age
RankedLock teamsTeams togetherTeam positionsShared explorationLock speedFull tech treeHidden civsTurbo modeCheats
Victory
Defeat
🇨🇳 Romans · China
1006
+13
🇨🇳 Varangians · China
1005
+13
🇨🇳 Poles · China
1005
+13
🇨🇳 Persians · China
959
+16
🇲🇹 Japanese · Malta
958
-14
🇧🇷 Vietnamese · Brazil
957
-14
🇦🇹 Burgundians · Austria
943
-14
🇷🇺 Berbers · Russia
918
-13
Bantum
3:06 Double-Bit Axe
8:25 Horse Collar
11:11 Feudal Age
12:22 Wheelbarrow
12:11 Bow Saw
12:02 Heavy Plow
13:32 Hand Cart
18:08 Castle Age
16:47 Stone Mining
17:29 Loom
19:00 Gold Mining
19:50 Stone Shaft Mining
20:19 Two-Man Saw
22:32 Forging
22:27 Scale Barding Armor
23:24 Fletching
24:43 Burgundian Vineyards
25:50 Gold Shaft Mining
31:21 Imperial Age
30:21 Iron Casting
29:46 Scale Mail Armor
30:09 Fortified Wall
31:09 Squires
31:11 Scale Mail Armor
33:18 Chain Mail Armor
34:03 Blast Furnace
32:42 Capped Ram
34:02 Conscription
Big Tiozao
11:22 Feudal Age
14:29 Loom
16:52 Castle Age
15:04 Horse Collar
15:10 Double-Bit Axe
15:53 Stone Mining
15:57 Gold Mining
18:00 Wheelbarrow
18:40 Bow Saw
27:28 Imperial Age
25:02 Fletching
25:12 Padded Archer Armor
25:18 Scale Barding Armor
25:26 Heavy Plow
27:02 Hand Cart
26:33 Town Watch
27:41 Bodkin Arrow
28:01 Leather Archer Armor
27:39 Treadmill Crane
28:19 Ballistics
29:30 Chemistry
29:49 Paper Money
30:07 Leather Archer Armor
32:50 Two-Man Saw
32:25 Crop Rotation
32:33 Stone Shaft Mining
32:21 Ballistics
31:58 Murder Holes
31:48 Arrowslits
34:04 Husbandry
34:14 Bloodlines
34:13 Elite Rattan Archer
36:06 Elite Battle Elephant
38:39 Bracer
39:10 Ring Archer Armor
40:58 Chatras
43:42 Ring Archer Armor
45:28 Scale Barding Armor
45:35 Masonry
45:11 Arrowslits
liviescu
0:54 Loom
10:37 Feudal Age
14:05 Double-Bit Axe
17:41 Castle Age
16:25 Stone Mining
16:34 Gold Mining
20:28 Bow Saw
20:06 Horse Collar
23:13 Squires
24:58 Treadmill Crane
25:09 Arson
25:24 Elite Skirmisher
27:34 Fortified Wall
28:03 Heavy Plow
27:50 Town Watch
27:40 Pikeman
32:04 Imperial Age
31:27 Wheelbarrow
30:53 Town Patrol
31:32 Caravan
32:17 Murder Holes
32:15 Capped Ram
33:06 Halberdier
34:09 Hand Cart
34:34 Conscription
35:09 Imperial Skirmisher
37:08 Two-Man Saw
37:16 Scale Mail Armor
37:17 Padded Archer Armor
39:12 Hoardings
38:25 Elite Samurai
43:14 Chemistry
42:35 Ballistics
43:03 Kataparuto
45:54 Masonry
Mko
12:05 Feudal Age
13:23 Wheelbarrow
13:04 Double-Bit Axe
17:41 Castle Age
18:17 Horse Collar
23:29 Bow Saw
24:40 Town Watch
26:59 Hand Cart
27:50 Fortified Wall
28:29 Kasbah
29:00 Treadmill Crane
29:42 Ballistics
29:26 Town Patrol
31:51 Thumb Ring
33:32 Gold Mining
33:33 Stone Mining
33:47 Heavy Plow
36:33 Imperial Age
33:31 Pikeman
34:14 Squires
33:59 Arson
34:32 Forging
34:22 Scale Mail Armor
34:27 Scale Barding Armor
Evil B1t
11:30 Feudal Age
12:52 Double-Bit Axe
14:33 Horse Collar
19:21 Castle Age
20:12 Heavy Plow
20:50 Wheelbarrow
22:22 Scale Barding Armor
22:27 Forging
22:21 Husbandry
22:31 Bloodlines
24:59 Bow Saw
24:44 Stone Mining
24:55 Gold Mining
26:54 Chain Barding Armor
30:45 Iron Casting
30:53 Hand Cart
34:14 Gold Shaft Mining
34:19 Stone Shaft Mining
40:12 Imperial Age
38:50 Loom
40:48 Elite War Elephant
41:49 Conscription
41:56 Conscription
44:56 Plate Barding Armor
45:22 Blast Furnace
眠绵
10:45 Feudal Age
14:24 Castle Age
22:55 Double-Bit Axe
22:52 Horse Collar
24:00 Stone Mining
24:12 Heavy Plow
24:26 Bow Saw
25:25 Gold Mining
27:35 Wheelbarrow
28:14 Gold Shaft Mining
30:26 Imperial Age
28:12 Forging
28:03 Scale Mail Armor
30:07 Iron Casting
29:55 Ballistics
29:52 Chain Mail Armor
30:51 Hand Cart
30:40 Town Watch
31:55 Ballistas
32:12 Conscription
32:58 Blast Furnace
32:16 Heavy Scorpion
34:00 Chemistry
33:05 Siege Engineers
33:39 Crop Rotation
34:50 Man-at-Arms
35:33 Squires
35:47 Long Swordsman
36:24 Legionary
40:33 Capped Ram
41:43 Siege Ram
XIAOBAI
10:08 Feudal Age
14:55 Castle Age
13:11 Double-Bit Axe
14:07 Stone Mining
16:07 Wheelbarrow
16:34 Horse Collar
24:03 Bow Saw
28:59 Imperial Age
27:18 Hand Cart
26:48 Town Watch
27:23 Heavy Plow
28:14 Gold Mining
28:59 Stone Shaft Mining
28:48 Forging
28:40 Scale Mail Armor
28:50 Scale Barding Armor
28:52 Squires
28:39 Arson
29:41 Husbandry
29:51 Bloodlines
30:07 Conscription
30:36 Elite Varangian Guard
30:44 Elite Jarl
31:59 Chain Barding Armor
33:28 Two-Man Saw
33:16 Iron Casting
33:17 Plate Barding Armor
34:02 Chain Mail Armor
35:05 Blast Furnace
34:41 Elite Varangian Guard
35:54 Plate Mail Armor
37:43 Caravan
38:23 Gothikon
39:56 Treadmill Crane
40:37 Ballistics
SUOBAI
10:39 Feudal Age
11:09 Double-Bit Axe
16:21 Castle Age
15:26 Horse Collar
18:11 Bow Saw
19:43 Wheelbarrow
19:33 Heavy Plow
22:44 Hand Cart
22:43 Gold Mining
22:45 Stone Mining
25:12 Light Cavalry
26:05 Forging
26:02 Scale Barding Armor
27:21 Bloodlines
27:13 Husbandry
30:32 Imperial Age
29:58 Iron Casting
29:43 Chain Barding Armor
31:39 Lechitic Legacy
31:41 Conscription
30:44 Winged Hussar
31:59 Crop Rotation
32:35 Blast Furnace
Connection lost

Rejoining the realm…

Still unreachable

The connection could not be restored.

Session expired

The server has moved on; the page needs a fresh start.